Map: Frost LE

Players

Nirtoxide - Winner!

  • Race: Zerg Zerg
  • League: Silver

MoldedPixels

  • Race: Terran Terran
  • League: Silver

VOD

Have the link to the VOD?

Description

Time

  • Played on: Aug. 24, 2016, 9 p.m.
  • Length: 13:58
Show
View Real Time Build Order
Export as new Build Order

Nirtoxide Zerg - Winner!

Build Orders: Hatch First 

Get SALT Encoding   

  12  0:05  Drone  
  13  0:16  Drone  
  14  0:38  Hatchery  
  13  0:56  Spawning Pool  
  12  0:58  Drone  
  12  1:03  Drone  
  14  1:13  Overlord  
  14  1:20  Extractor  
  14  1:21  Drone  
  14  1:35  Drone  
  14  1:36  Drone  
  16  1:54  Drone x2  
  18  2:01  Queen  
  18  2:02  Queen  
  22  2:12  Drone  
  23  2:16  Drone  
  23  2:21  Extractor  
  23  2:23  Drone x2  
  23  2:24  Drone  
  26  2:37  Drone  
  27  2:38  Metabolic Boost  
  26  3:13  Zergling x2  
  26  3:14  Zergling x2  
  26  3:16  Overlord x5  
  26  3:17  Overlord  
  28  3:45  Queen  
  28  3:46  Queen  
  32  3:52  Roach Warren  
  32  3:55  Drone x4  
  35  4:02  Drone x2  
  37  4:03  Drone  
  38  4:10  Zergling x4  
  40  4:21  Pneumatized Carapace  
  40  4:23  Lair  
  40  4:43  Drone  
  40  4:44  Drone x8  
  49  4:48  Extractor  
  49  4:50  Extractor  
  47  5:08  Drone x2  
  47  5:09  Drone x3  
  47  5:10  Drone  
  53  5:26  Overseer  
  53  5:29  Overseer  
  53  5:31  Zergling x2  
  53  5:32  Zergling x10  
  59  6:02  Evolution Chamber x2  
  57  6:06  Infestation Pit, Drone x2  
  57  6:07  Hatchery, Drone, Extractor  
  57  6:09  Drone  
  57  6:10  Drone x2  
  60  6:12  Extractor  
  59  6:27  Roach  
  59  6:28  Roach x7  
  75  7:02  Overlord  
  75  7:03  Overlord x8  
  66  7:42  Ravager  
  66  7:43  Ravager x4  
  71  7:48  Hydralisk Den, Hive  
  70  7:52  Zerg Missile Weapons Level 1  
  70  7:53  Zerg Ground Armor Level 1  
  70  7:54  Roach  
  70  7:55  Roach x14  
  100  8:11  Drone x3  
  103  8:24  Ravager x6  
  103  8:26  Muscular Augments  
  104  9:19  Roach x2  
  104  9:20  Roach x16  
  140  9:28  Drone x5  
  140  9:29  Drone  
  146  9:41  Overlord  
  146  9:42  Overlord x5  
  146  9:54  Glial Reconstitution  
  88  10:34  Roach x6  
  88  10:35  Roach x14  
  102  10:47  Hydralisk  
  102  10:49  Hydralisk x3  
  108  11:09  Hydralisk  
  108  11:10  Hydralisk x5  
  120  11:14  Ravager x5  
  120  11:15  Ravager x4  
  120  11:35  Hydralisk x3  
  120  11:36  Hydralisk x5  
  84  12:42  Hydralisk x3, Roach  
  84  12:43  Hydralisk x6, Roach x8  
  115  13:05  Hydralisk x3  
  115  13:06  Roach x3  
Show
View Real Time Build Order
Export as new Build Order

MoldedPixels Terran 

Build Orders: MMM Bio 

Get SALT Encoding   

  12  0:01  SCV  
  13  0:13  SCV  
  14  0:22  Supply Depot  
  14  0:25  SCV  
  15  0:44  SCV  
  15  0:46  Barracks  
  16  0:55  Refinery  
  16  0:56  SCV  
  17  1:08  SCV  
  18  1:20  SCV  
  20  1:37  Reaper  
  21  1:41  Orbital Command  
  21  1:47  Command Center  
  20  2:20  Barracks Reactor  
  20  2:23  SCV  
  20  2:26  Barracks  
  21  2:36  SCV  
  22  3:08  Orbital Command  
  22  3:09  Marine x2  
  23  3:14  Barracks Reactor  
  23  3:19  Factory  
  23  3:27  Bunker  
  23  3:47  SCV x2  
  25  3:51  Marine  
  25  3:52  Marine  
  29  3:59  SCV x2  
  29  4:07  Barracks, Supply Depot  
  29  4:11  SCV x2  
  29  4:13  Supply Depot  
  29  4:14  Barracks Tech Lab  
  29  4:15  Marine  
  32  4:22  Starport  
  32  4:23  SCV, Factory Reactor  
  33  4:25  Factory Tech Lab  
  33  4:26  Marine  
  33  4:29  SCV  
  35  4:35  Refinery, SCV  
  36  4:39  Stimpack  
  36  4:40  Marine x2  
  36  4:41  SCV  
  39  4:47  SCV  
  39  4:51  Supply Depot  
  40  4:53  SCV  
  40  4:56  Supply Depot  
  40  4:58  Marine  
  42  5:01  Starport Reactor  
  42  5:08  Engineering Bay  
  42  5:09  Supply Depot  
  42  5:10  Marine  
  42  5:11  Marine x3  
  46  5:20  Refinery, SCV x2  
  48  5:24  Refinery  
  48  5:34  Marine  
  48  5:35  Marine x3  
  52  5:36  Command Center, Marine  
  52  5:39  Medivac  
  55  5:43  Medivac  
  55  5:47  Supply Depot  
  57  5:52  Siege Tank  
  57  5:55  Marine x3  
  57  5:56  Marine x2  
  65  6:08  SCV x2  
  67  6:13  Marine x5  
  72  6:24  Medivac x2  
  76  6:31  Marine x4  
  76  7:29  Marine x3  
  77  7:30  Marine x2  
  77  7:32  Hellion  
  77  7:33  Medivac x2  
  82  7:45  Barracks  
  82  7:47  Marine x2  
  82  7:49  Barracks, Orbital Command  
  82  7:50  Marine x3  
  87  7:53  Combat Shields  
  87  7:58  Siege Tank  
  90  8:01  Terran Infantry Weapons Level 1  
  90  8:08  Marauder  
  90  8:11  Marine x3  
  90  8:12  Orbital Command, Marine  
  96  8:13  SCV x2  
  98  8:25  SCV x2  
  100  8:32  Missile Turret  
  100  8:34  Missile Turret  
  100  8:37  SCV  
  101  8:44  Barracks Reactor  
  101  8:45  Supply Depot  
  101  8:46  Barracks Reactor  
  101  8:50  Supply Depot  
  101  9:06  SCV  
  97  9:21  Command Center  
  97  9:23  Marine x5  
  102  9:27  Supply Depot  
  102  9:29  Supply Depot  
  102  9:30  Liberator  
  102  9:32  Liberator  
  102  9:47  Marine x5  
  102  9:49  SCV, Marine x4  
  102  9:51  SCV, Siege Tank  
  122  9:52  Supply Depot  
  122  9:54  Supply Depot  
  122  10:04  SCV x2, Marine x2  
  126  10:07  Marine x2  
  126  10:09  Marine  
  126  10:12  Marine  
  85  10:46  Medivac x2  
  89  10:57  Terran Infantry Armor Level 1  
  89  11:00  Marine  
  89  11:01  Armory, Engineering Bay, Marine x3  
  89  11:02  Marine x4  
  89  11:03  Siege Tank  
  100  11:06  Marauder  
  100  11:08  Concussive Shells  
  102  11:12  Orbital Command  
  91  11:46  Marine x2  
  93  11:47  Marine x7  
  93  11:49  Medivac x2, Siege Tank  
  107  11:57  Supply Depot  
  107  11:58  Supply Depot  
  101  12:04  Marine x2  
  101  12:05  Marine  
  82  12:26  Marine x2  
  82  12:27  Marine x4  
  73  12:34  Orbital Command  
  67  12:43  Marine x2  
  58  12:44  Marine x2  
  58  12:51  Marine  
  36  13:12  Marine x3  
  37  13:13  Marine x6  
  37  13:14  Medivac x2, Siege Tank  
  45  13:30  Marine x4  
  41  13:34  Marine x2  
  41  13:35  Marine  
Tags
 
Composition
MMM Bio
Matchup
TvZ
Replay Pack
choboweek2
Add a new tag
Caveats
  • Supply blocks, unpowered buildings, or Contaminate may cause inaccurate times.
  • Supply counts are checked every 10 seconds.